 Dungeon Crawl Stone Soup version 0.29-a0-90-gc37658a0fe (webtiles) character file.

Game seed: 9963079995941519738

5 lordive the Sneak (level 1, 0/10 HPs)
             Began as a Kobold Enchanter on Feb 7, 2022.
             Slain by a ball python (3 damage)
             ... on level 1 of the Dungeon.
             The game lasted 00:00:20 (76 turns).

lordive the Sneak (Kobold Enchanter)                  Turns: 76, Time: 00:00:21

Health: 0/10       AC:  2    Str:  5    XL:     1   Next: 88%
Magic:  3/3        EV: 12    Int: 16    God:
Gold:   19         SH:  0    Dex: 15    Spells: 4/4 levels left

rFire   . . .      SeeInvis .   a - +1 dagger
rCold   . . .      Faith    .   (no shield)
rNeg    . . .      Spirit   .   b - +0 robe
rPois   .          Reflect  .   (no helmet)
rElec   .          Harm     .   (no cloak)
rCorr   .          Rampage  .   (no gloves)
Will    .....                   (no boots)
Stlth   ++++......              (no amulet)
HPRegen 0.03/turn               (no ring)
MPRegen 0.08/turn               (no ring)

@: constricted
A: small, no large weapons, nightstalker 3
a: no special abilities


You were on level 1 of the Dungeon.
You visited 1 branch of the dungeon, and saw 1 of its levels.

You collected 19 gold pieces.

Inventory:

Hand Weapons
 a - a +1 dagger (weapon)
Armour
 b - a +0 robe (worn)
Scrolls
 d - a scroll of blinking {unknown}
 e - a scroll of teleportation {unknown}
Potions
 c - a potion of invisibility


   Skills:
 + Level 1.3 Short Blades
 + Level 2.6 Dodging
 + Level 4.0 Stealth
 + Level 2.2 Spellcasting
 + Level 3.2 Hexes


You had 4 spell levels left.
You didn't know any spells.
Your spell library contained the following spells:

 Spells                   Type           Power      Damage    Failure   Level
 Ensorcelled Hibernation  Hex/Ice        14%        N/A       16%         2
 Confusing Touch          Hex            12%        N/A       16%         3
 Tukima's Dance           Hex            12%        N/A       16%         3
 Dazzling Flash           Conj/Hex       14%        N/A       30%         3


Dungeon Overview and Level Annotations

Branches:
Dungeon (1/15)

Altars:


Innate Abilities, Weirdness & Mutations

You are small and have problems with some larger weapons.
You are completely attuned to the shadows.


Message History

You closely miss the giant cockroach.
The giant cockroach is moderately wounded.
The bat misses you. The ball python closely misses you.
The ball python grabs you. The ball python constricts you.
The giant cockroach bites you but does no damage.
The bat hits you but does no damage.
You hit the ball python.
The ball python is moderately wounded.
The bat barely misses you. The ball python barely misses you.
The ball python constricts you. The giant cockroach bites you.
The bat hits you but does no damage. The ball python barely misses you.
The ball python constricts you. The giant cockroach bites you.
* * * LOW HITPOINT WARNING * * *
You escape the ball python's grasp.
The bat completely misses you. The bat misses you.
The bat hits you but does no damage. The bat completely misses you.
The bat barely misses you. The bat misses you. x2
The bat misses you. The bat barely misses you.
You hit the bat.
The bat is heavily wounded.
The bat barely misses you.
You miss the bat.
The bat is heavily wounded.
The bat hits you but does no damage. The bat completely misses you.
You hit the bat but do no damage.
The bat is heavily wounded.
The bat hits you.
* * * LOW HITPOINT WARNING * * *
The bat misses you.
You hit the bat.
You kill the bat!
You closely miss the ball python.
The ball python bites you but does no damage.
The ball python grabs you. The ball python constricts you.
The ball python misses you. The ball python constricts you.
You hit the ball python.
The ball python is severely wounded.
The ball python bites you.
You die...

###.........####
##....#.......#
#.....####...##
#......# ###.##
#######......#
##..###
.....'......).
#......
..#..##.......
##.)....
..#..#####+##.
#....... ..<..#
#. #@#.....
..(..#
#†##S#.....
######
#...B#.....
#......####
##.#.#.# #...#.#
##..## # #...#
#...#


You could see a giant cockroach and a ball python.

Vanquished Creatures
  An endoplasm (D:1)
  A goblin (D:1)
  2 bats (D:1)
  A frilled lizard (D:1)
5 creatures vanquished.

Notes
Turn   | Place    | Note
-------+----------+-------------------------------------------
     0 | D:1      | lordive the Kobold Enchanter began the quest for the Orb.
     0 | D:1      | Reached XP level 1. HP: 10/10 MP: 3/3
    76 | D:1      | Slain by a ball python

Illustrated notes

Levels and vault maps discovered:
D:1:      dpeg_arrival_rooms_b, layout_rooms, chequers_ecumenical_altar_simple

Action                   || total
-------------------------++-------
Melee: Dagger            ||    16
 Stab: Sleeping          ||     2
Armor: Robe              ||     8
Dodge: Dodged            ||    26

Table legend: (Time is in decaauts)
 A = Elapsed time spent in this place.
 B = Non-inter-level travel time spent in this place.
 C = Inter-level travel time spent in this place.
 D = Time resting spent in this place.
 E = Time spent auto-exploring this place.
 F = Levels seen in this place.
 G = Mean time per level.
                   A        B        C        D        E       F      G
               +--------+--------+--------+--------+--------+-----+--------+
         Total |     75 |     75 |      0 |      0 |     34 |   1 |   75.0 |
       Dungeon |     75 |     75 |      0 |      0 |     34 |   1 |   75.0 |
               +--------+--------+--------+--------+--------+-----+--------+

Top non-repeatable levels by time:
     D:1: 75 daAuts
